 Dungeon Crawl Stone Soup version 0.29.1-1-gd02db6906a (webtiles) character file.

Game seed: 3631830851243799724

17045 LustLizard the Thaumaturge (level 12, -10/70 HPs)
             Began as a Djinni Ice Elementalist on Sept 26, 2022.
             Was a Priest of Ashenzari.
             Mangled by a white ugly thing (22 damage)
             ... in an ice cave on Sept 27, 2022.
             The game lasted 00:34:36 (17794 turns).

LustLizard the Thaumaturge (DjIE)                  Turns: 17794, Time: 00:34:36

Health: -10/70     AC:  9    Str:  7    XL:     12   Next: 77%
Gold:   651        EV: 13    Int: 21    God:    Ashenzari [***...] SH:  5 Dex: 15

rFire   + + .      SeeInvis +   o - +5 mace of Ashenzari's Idealism {Cun, Fort} (curse)
rCold   x . .      Faith    .   D - +2 buckler "Elysian Sybil" {Evo, Fort} (curse)
rNeg    . . .      Spirit   .   r - +2 robe "Thunder Perfect Mind" {Archmagi, Self, Cun} (curse)
rPois   ∞          Reflect  .   u - +1 helmet of the Enigmatic Disgust {Cun, Range} (curse)
rElec   .          Harm     .   p - +2 cloak of Ashenzari's Paranoia {Evo, Cun} (curse)
rCorr   .          Rampage  .   (no gloves)
Will    +....      Archmagi +   (boots unavailable)
Stlth   ++++...... Clarity  +   (no amulet)
HPRegen 0.21/turn               e - ring of see invisible
MPRegen 0.00/turn               (no ring)

@: flying
A: sickness immunity, fire resistance 2, cold vulnerability 1, float, innate
caster, HP casting, extra vitality 1
a: Renounce Religion, Shatter the Chains


You were in an ice cave.
You worshipped Ashenzari.
Ashenzari was most pleased with you.
You visited 3 branches of the dungeon, and saw 13 of its levels.
You also visited: Ice Cave and Volcano.

You collected 651 gold pieces.

Inventory:

Hand Weapons
 d - a +2 demon whip of flaming
 g - a +0 dagger
 h - a +1 dagger of speed
 o - the cursed +5 mace of Ashenzari's Idealism (weapon) {Cun, Fort}
   (You took it off an orc on level 3 of the Dungeon)

   It has a curse which improves the following skills: Cunning: Dodging and
   Stealth.
   Fortitude: Armour and Shields.
Armour
 p - the cursed +2 cloak of Ashenzari's Paranoia (worn) {Evo, Cun}
   (You found it on level 3 of the Dungeon)

   It has a curse which improves the following skills: Evocations: Evocations.
   Cunning:   Dodging and Stealth.
 r - the cursed +2 robe "Thunder Perfect Mind" (worn) {Archmagi, Self, Cun}
   (You took it off Sigmund on level 2 of the Dungeon)

   It has a curse which improves the following skills: Introspection: Fighting
   and Spellcasting.
   Cunning:   Dodging and Stealth.
 u - the cursed +1 helmet of the Enigmatic Disgust (worn) {Cun, Range}
   (You found it on level 6 of the Dungeon)

   It has a curse which improves the following skills: Cunning: Dodging and
   Stealth.
   Ranged Combat: Ranged Weapons and Throwing.
 x - a scarf of shadows
 z - +0 swamp dragon scales
 D - the cursed +2 buckler "Elysian Sybil" (worn) {Evo, Fort}
   (You found it on level 8 of the Dungeon)

   It has a curse which improves the following skills: Evocations: Evocations.
   Fortitude: Armour and Shields.
Jewellery
 e - a ring of see invisible (left hand)
 w - a ring of fire
Wands
 b - a wand of light (15)
 v - a wand of polymorph (8)
 y - a wand of paralysis (20)
 B - a wand of roots (8)
 G - a wand of digging (6)
Scrolls
 a - 5 scrolls of identify
 c - a scroll of fear
 f - a scroll of magic mapping
 l - a scroll of vulnerability
 m - 5 scrolls of teleportation
 n - 3 scrolls of immolation
 t - 2 scrolls of silence
 A - 2 scrolls of noise
 C - a scroll of brand weapon
 E - 2 scrolls of poison
 I - a scroll of fog
 K - a scroll of blinking
Potions
 i - 4 potions of curing
 j - 2 potions of attraction
 k - 2 potions of degeneration
 q - 4 potions of resistance
 s - 3 potions of haste
 F - a potion of might
 H - a potion of cancellation
 J - a potion of brilliance


   Skills:
 * Level 2.3 Maces & Flails
 * Level 2.3(3.6) Throwing
 - Level 2.1(5.0) Dodging
 - Level 4.0(7.5) Stealth
 * Level 14.8(16.3) Spellcasting
 * Level 2.9(4.9) Evocations


You had 18 spell levels left.
You knew the following spells:

 Your Spells              Type           Power      Damage    Failure   Level
a - Freeze                Ice            100%       1d11      0%          1
b - Frozen Ramparts       Ice            100%       1d16      1%          3
c - Ozocubu's Armour      Ice            91%        N/A       1%          3
d - Hailstorm             Conj/Ice       91%        3d18      1%          4
e - Apportation           Tloc           100%       N/A       0%          1
f - Ensorcelled Hibernat  Hex/Ice        100%       N/A       0%          2
g - Stone Arrow           Conj/Erth      100%       3d13      1%          3
h - Animate Dead          Necr           91%        N/A       1%          4
i - Airstrike             Air            45%        2d(7-23)  1%          4
Your spell library was empty.

Dungeon Overview and Level Annotations

Branches:
Dungeon (11/15)            Temple (1/1) D:5            Lair (1/5) D:10
  IceCv (1/1)             Volcano (visited)
    Orc: D:9-12

Altars:
Ashenzari
Cheibriados
Dithmenos
Elyvilon
Fedhas
Gozag
Hepliaklqana
Makhleb
Nemelex Xobeh
Okawaru
Qazlal
Ru
Trog
Uskayaw
Wu Jian
Xom
Yredelemnul
Zin
The Shining One

Annotations:
D:5 1 runed translucent door
D:11 Fannar; Lodul; Urug IceCv exclusion: ice statue


Innate Abilities, Weirdness & Mutations

You are immune to sickness and miasma.
You are immune to poison.
Your flesh is very heat resistant. (rF++)
You are vulnerable to cold. (rC-)
You float through the air rather than walking.
You learn spells naturally, not from books.
Your magical power is your life essence.
You have superior vitality. (+4 MHP)


Message History

Confirm with . or Enter, or press ? or * to list all spells.
Aiming: Stone Arrow (safe; 1% risk of failure)
Press: ? - help, Shift-Dir - straight line, f/p - polar bear simulacrum
Aim: a polar bear simulacrum (freezing vapour, almost destroyed, 98% to hit)
You feel a surge of power!
The stone arrow hits the polar bear simulacrum!!
The polar bear simulacrum vaporises!
Unknown command.
You start resting.
HP restored.
There is an ice choked empty arch of ancient stone here.
Found a potion of mutation and 14 gold pieces.
Found a scroll of noise and a stone.
Found four items.
You now have 630 gold pieces (gained 14).
You see here a stone.
You now have 651 gold pieces (gained 21).
K - a scroll of blinking A white ugly thing and an ice statue come into view.
Marking area around an ice statue as unsafe for travelling.
The white ugly thing gurgles horribly!
A cane toad simulacrum comes into view.
A wolf simulacrum comes into view.
You see here a potion of mutation.
Casting: Stone Arrow (safe; 1% risk of failure)
Confirm with . or Enter, or press ? or * to list all spells.
Aiming: Stone Arrow (safe; 1% risk of failure)
Press: ? - help, Shift-Dir - straight line, f - white ugly thing
Aim: a white ugly thing (78% to hit)
Okay, then.
The white ugly thing attacks as you move away!
The white ugly thing trunk-slaps you. The white ugly thing freezes you!!!
You feel a terrible chill!
Ouch! That really hurt!
There is an ice choked empty arch of ancient stone here.
There is an ice covered gate leading back out of this place here.
The white ugly thing trunk-slaps you!
* * * LOW HITPOINT WARNING * * *
The white ugly thing freezes you!!
You feel a terrible chill!
You die...

#########
#.......#
#...@...#
#...u...#
#.......#
#...∩...#
##.....##
##...##
##Z##
##...##
##.....##


You could see a white ugly thing and a cane toad simulacrum.

Vanquished Creatures
  2 two-headed ogres
  Erica (D:8)
  A hell hog (Volcano)
  The ghost of GigaChad the Fighter, a novice MiFi of Trog (D:8)
  A fire crab (Volcano)
  Pikel (D:9)
  A manticore (D:11)
  Joseph (D:7)
  A black mamba (Lair:1)
  A cane toad (Lair:1)
  An unseen horror (D:10)
  A gargoyle (D:10)
  Maggie (D:6)
  A komodo dragon (D:6)
  An anaconda simulacrum (IceCv)
  A rime drake (Lair:1)
  The ghost of QueenGhuleh the Chopper, an amateur NaBe of Trog (D:5)
  A troll (D:9)
  Prince Ribbit (D:7)
  Sigmund (D:2)
  A wraith (D:10)
  20 yaks
  A human (D:10)
  2 wyverns
  4 hogs (D:10)
  A basilisk (D:10)
  3 fire bats (Volcano)
  3 steam dragons
  A hell hound (Volcano)
  A water moccasin (D:7)
  7 orc warriors
  2 black bears
  12 ogres
  2 centaurs
  A lemure (D:9)
  2 kobold brigands
  2 bullfrogs
  2 necrophages
  3 scorpions
  3 wights (D:6)
  The ghost of ChrisTheEpicPoet the Charlatan, a weakling NaAr (D:3)
  6 killer bees (D:7)
  10 howler monkeys
  3 hounds
  2 jellies
  2 gnoll boudas
  6 orc priests
  Jessica (D:2)
  2 iguanas (D:6)
  9 orc wizards
  A polar bear simulacrum (IceCv)
  3 wolf simulacra (IceCv)
  8 gnolls
  5 adders
  2 shadow imps
  2 ufetubi (D:5)
  4 worms
  3 dart slugs
  47 orcs
  4 ball pythons
  7 endoplasms
  4 giant cockroaches
  14 goblins
  6 hobgoblins
  4 quokkas
  4 bats
  4 frilled lizards
  18 kobolds
  5 rats
281 creatures vanquished.

Vanquished Creatures (others)
  A fungus (D:10)
  7 plants (Lair:1)
8 creatures vanquished.

Grand Total: 289 creatures vanquished

Notes
Turn   | Place    | Note
-------+----------+-------------------------------------------
     0 | D:1      | LustLizard the Djinni Ice Elementalist began the quest for
                  | the Orb.
     0 | D:1      | LustLizard set off with the following spells memorised:
                  | Freeze, Frozen Ramparts, Ozocubu's Armour, Hailstorm.
     0 | D:1      | Reached XP level 1. HP: 15/15 MP: 0/0
   161 | D:1      | You are sucked into a shaft and drop 1 floor!
   508 | D:1      | Reached XP level 2. HP: 18/21 MP: 0/0
  1004 | D:1      | Reached XP level 3. HP: 23/25 MP: 0/0
  1004 | D:1      | Learned a level 1 spell: Apportation
  1205 | D:1      | Found a faded altar of an unknown god.
  1483 | D:2      | Noticed Sigmund
  2016 | D:2      | Reached skill level 4 in Spellcasting
  2016 | D:2      | Reached XP level 4. HP: 24/31 MP: 0/0
  2177 | D:2      | Noticed Jessica
  2189 | D:2      | Killed Jessica
  2752 | D:3      | Reached XP level 5. HP: 29/35 MP: 0/0
  2752 | D:3      | Learned a level 2 spell: Ensorcelled Hibernation
  3026 | D:3      | Found a runed translucent gate.
  3026 | D:3      | Found a runed translucent gate.
  3026 | D:3      | Noticed ChrisTheEpicPoet's ghost (weakling NaAr)
  3027 | D:3      | Found a runed translucent gate.
  4147 | D:4      | Noticed an ogre
  4165 | D:4      | Killed an ogre
  4166 | D:4      | Reached XP level 6. HP: 14/40 MP: 0/0
  4476 | D:4      | Found a white marble altar of Elyvilon.
  4523 | D:4      | Reached skill level 5 in Spellcasting
  5099 | D:5      | Entered Level 5 of the Dungeon
  5102 | D:5      | Found a staircase to the Ecumenical Temple.
  5165 | Temple   | Entered the Ecumenical Temple
  5172 | Temple   | Became a worshipper of Ashenzari the Shackled
  5220 | D:5      | Found a runed translucent door.
  5225 | D:5      | Noticed QueenGhuleh's ghost (amateur NaBe)
  5680 | D:5      | Noticed a black bear
  5690 | D:5      | Killed a black bear
  5691 | D:5      | Reached XP level 7. HP: 36/45 MP: 0/0
  5691 | D:5      | Learned a level 3 spell: Stone Arrow
  6263 | D:5      | Found a runed translucent door.
  6542 | D:5      | Reached skill level 6 in Spellcasting
  6856 | D:3      | Killed ChrisTheEpicPoet's ghost
  7042 | D:2      | Killed Sigmund
  7043 | D:2      | Reached XP level 8. HP: 46/50 MP: 0/0
  7453 | D:6      | Reached skill level 7 in Spellcasting
  7610 | D:6      | Noticed Maggie
  7801 | D:6      | Reached * piety under Ashenzari
  7841 | D:6      | Found a large runed translucent door.
  7878 | D:6      | Noticed a komodo dragon
  7885 | D:6      | Found a large runed translucent door.
  8261 | D:6      | Killed a komodo dragon
  8262 | D:6      | Reached skill level 8 in Spellcasting
  8262 | D:6      | Reached XP level 9. HP: 36/55 MP: 0/0
  8262 | D:6      | Learned a level 4 spell: Animate Dead
  8503 | D:6      | Found a glowing golden altar of the Shining One.
  8510 | D:6      | Found an ornate altar of the Wu Jian Council.
  8648 | D:7      | Found a transporter.
  8656 | D:7      | Found a transporter.
  8668 | D:7      | Noticed Prince Ribbit
  8672 | D:7      | Killed Prince Ribbit
  8785 | D:7      | Reached skill level 9 in Spellcasting
  9531 | D:7      | Noticed Joseph
  9995 | D:7      | Found a hide-covered altar of Uskayaw.
 10270 | D:5      | Killed QueenGhuleh's ghost
 10271 | D:5      | Reached skill level 10 in Spellcasting
 10413 | D:6      | Killed Maggie
 10414 | D:6      | Reached XP level 10. HP: 38/60 MP: 0/0
 10996 | D:8      | Reached skill level 11 in Spellcasting
 11145 | D:8      | Noticed GigaChad's ghost (novice MiFi)
 11145 | D:8      | Identified the +6 great mace of the Sharing Queen {venom,
                  | rCorr Stlth+}
 11145 | D:8      | Identified the +6 great mace of Tomafid {flame, Fragile rN+
                  | Str+2}
 11145 | D:8      | Noticed a two-headed ogre
 11176 | D:8      | Noticed Erica
 11197 | D:8      | Killed Erica
 11347 | D:8      | Found a stormy altar of Qazlal.
 11458 | D:8      | Found a transporter.
 11519 | D:8      | Found a burning altar of Makhleb.
 11605 | D:8      | Found a transporter.
 11692 | D:7      | Killed Joseph
 12362 | D:9      | Noticed Pikel
 12372 | D:9      | Killed Pikel
 12373 | D:9      | Reached skill level 12 in Spellcasting
 12373 | D:9      | Reached XP level 11. HP: 44/65 MP: 0/0
 12373 | D:9      | Learned a level 4 spell: Airstrike
 13372 | D:9      | Reached ** piety under Ashenzari
 13578 | D:9      | Reached skill level 13 in Spellcasting
 14255 | D:10     | Entered Level 10 of the Dungeon
 14255 | D:10     | Noticed a two-headed ogre
 14265 | D:10     | Killed a two-headed ogre
 15111 | D:10     | Found a blossoming altar of Fedhas.
 15338 | D:10     | Reached *** piety under Ashenzari
 15669 | D:10     | Found a staircase to the Lair.
 15677 | D:10     | Reached skill level 14 in Spellcasting
 15677 | D:10     | Reached XP level 12. HP: 59/70 MP: 0/0
 16011 | D:11     | Noticed Fannar
 16098 | D:11     | Noticed Lodul
 16098 | D:11     | Noticed Urug
 16438 | D:8      | Killed a two-headed ogre
 16447 | D:8      | Killed GigaChad's ghost
 16885 | Lair:1   | Entered Level 1 of the Lair of Beasts
 16896 | Lair:1   | Found a dark tunnel.
 16910 | Volcano  | Entered a volcano
 16989 | Volcano  | Noticed a hell hog
 16992 | Volcano  | Killed a hell hog
 16993 | Volcano  | Reached skill level 1 in Maces & Flails
 16993 | Volcano  | Reached skill level 1 in Throwing
 16993 | Volcano  | Reached skill level 1 in Evocations
 17023 | Volcano  | Identified the +5 great sword "Xiosewn" {freeze, Drain
                  | Str+8 Int-2 SInv}
 17026 | Volcano  | Noticed a fire crab
 17043 | Volcano  | Killed a fire crab
 17395 | Lair:1   | Found a frozen archway.
 17497 | IceCv    | Entered an ice cave
 17794 | IceCv    | Mangled by a white ugly thing

Illustrated notes

Levels and vault maps discovered:
D:1:      dpeg_arrival_shrine, layout_loops_ring, shapermc_ecumenical_altar_venn
D:2:      layout_rooms, uniq_jessica, uniq_sigmund
D:3:      layout_basic, biasface_ghost_orc_armoury
D:4:      layout_basic, elyvilon_altar_4, grunt_decor_mini_mirrors
D:5:      layout_cave_pods, temple_green, ebering_ghost_sewer_f
D:6:      layout_basic, jmf_multi_god_temple2, uniq_maggie
D:7:      gammafunk_beogh_shrine, layout_basic, nicolae_uskayaw_suspiria,
          uniq_prince_ribbit1, uniq_joseph
D:8:      layout_rooms, lightli_temple_of_fire, grunt_qazlal_sundering,
          gammafunk_ghost_smash, chequers_serial_rivers_micro_a, uniq_erica
D:9:      layout_layer_cave, uniq_pikel
D:10:     layout_roguey, fedhas_ov_isle_minmay, david_lair_generic,
          grunt_livestock
D:11:     layout_rooms, uniq_urug, uniq_lodul, uniq_fannar
Temple:   nicolae_temple_no_exploring_needed
Lair:1:   layout_cave_pods, portal_ice_cave_entry_pillars_1, basic_altar,
          gauntlet_entry_generic, nicolae_volcano_entry_lava_flow,
          grunt_megastairs_1, serial_bayou_shore_a, serial_bayou_shore_b
IceCv:    ice_cave_statue_garden_chambered

Skill      XL: |  1  2  3  4  5  6  7  8  9 10 11 12 |
---------------+-------------------------------------+-----
Stealth        | 2 3 4 |  4.0
Spellcasting   | 4 5 6 8 10 12 14 | 14.8
Maces & Flails | 2 |  2.3
Throwing       | 2 |  2.3
Evocations     | 2 |  2.9
Dodging        | |  2.1

Action                   |  1- 3 |  4- 6 |  7- 9 | 10-12 || total
-------------------------+-------+-------+-------+-------++-------
Melee: Dagger            |    56 |    96 |    27 |       ||   179
       Unarmed           |     2 |       |       |       ||     2
       Punch             |       |     2 |     2 |     3 ||     7
       Mace              |       |       |    20 |   103 ||   123
 Cast: Freeze            |    38 |    20 |     1 |       ||    59
       Frozen Ramparts   |       |     9 |    19 |    28 ||    56
       Ozocubu's Armour  |       |     5 |     9 |    23 ||    37
       Ensorcelled Hiber |       |     1 |       |       ||     1
       Stone Arrow       |       |       |    58 |   146 ||   204
       Airstrike         |       |       |       |    14 ||    14
Invok: Curse Item        |       |       |     2 |     4 ||     6
       Shatter the Chain |       |       |     1 |       ||     1
  Use: Scroll            |     3 |     2 |       |     6 ||    11
       Potion            |       |       |       |     5 ||     5
 Stab: Sleeping          |     3 |     3 |       |     2 ||     8
       Distracted        |       |       |       |     1 ||     1
Armor: Robe              |    10 |     8 |     7 |    63 ||    88
       Skin              |       |       |     1 |     1 ||     2
Dodge: Dodged            |    46 |    47 |    34 |    91 ||   218
Block: Buckler           |       |       |       |    15 ||    15
